 Dungeon Crawl Stone Soup version 0.28.0-62-gf88900778d (webtiles) character file.

Game seed: 5899202494160462397

51 cbfl8 the Covered (level 3, 0/33 HPs)
             Began as a Minotaur Fighter on July 6, 2023.
             Succumbed to a scorpion's poison
             ... on level 2 of the Dungeon.
             The game lasted 00:00:55 (862 turns).

cbfl8 the Covered (Minotaur Fighter)                 Turns: 862, Time: 00:00:56

Health: 0/33       AC:  8    Str: 20    XL:     3   Next: 58%
Magic:  2/2        EV:  9    Int:  5    God:
Gold:   51         SH:  4    Dex: 11    Spells: 2/2 levels left

rFire   + . .      SeeInvis .   a - +0 war axe
rCold   . . .      Faith    .   c - +0 buckler
rNeg    . . .      Spirit   .   b - +0 scale mail
rPois   .          Reflect  .   (helmet restricted)
rElec   .          Harm     .   (no cloak)
rCorr   +          Rampage  .   k - +0 pair of gloves
Will    .....                   (no boots)
Stlth   ..........              (no amulet)
HPRegen 0.11/turn               f - ring of protection from fire
MPRegen 0.08/turn               e - ring of resist corrosion

@: lethally poisoned (0 -> -6)
A: horns 2, retaliatory headbutt
a: no special abilities


You were on level 2 of the Dungeon.
You visited 1 branch of the dungeon, and saw 2 of its levels.

You collected 51 gold pieces.

Inventory:

Hand Weapons
 a - a +0 war axe (weapon)
Armour
 b - a +0 scale mail (worn)
 c - a +0 buckler (worn)
 k - a +0 pair of gloves (worn)
Jewellery
 e - a ring of resist corrosion (right hand)
 f - a ring of protection from fire (left hand)
Scrolls
 g - 2 scrolls of noise {unknown}
 h - a scroll of magic mapping {unknown}
 i - a scroll of blinking {unknown}
 j - a scroll of teleportation {unknown}
 l - a scroll of identify {unknown}
Potions
 d - a potion of might
 m - a potion of heal wounds {unknown}


   Skills:
 + Level 4.1 Fighting
 + Level 2.8 Axes
 + Level 4.1 Armour
 + Level 4.1 Shields
 * Level 1.2 Evocations


You had 2 spell levels left.
You didn't know any spells.
Your spell library contained the following spells:

 Spells                   Type           Power      Damage    Failure   Level
 Ozocubu's Armour         Ice            0%         N/A       99%         3
 Ozocubu's Refrigeration  Ice            0%         4d5       100%        7


Dungeon Overview and Level Annotations

Branches:
Dungeon (2/15)

Altars:


Innate Abilities, Weirdness & Mutations

You have a pair of horns on your head.
You reflexively headbutt those who attack you in melee.


Message History

You closely miss the quokka. You headbutt the quokka.
You kill the quokka!
m - a fizzy golden potion No target in view!
A quokka comes into view.
There are monsters nearby!
The dart slug barely misses you.
There are monsters nearby!
There are monsters nearby!
You hit the dart slug. You headbutt the dart slug!
You kill the dart slug!
Sorry, you're not good enough to have a special ability.
Sorry, you're not good enough to have a special ability.
The scorpion stings you. The scorpion stings you.
The scorpion barely misses you. The scorpion stings you.
You are poisoned.
The scorpion poisons you!
You feel very sick.
You feel sick.
You feel sick.
You feel sick.
You feel sick. The scorpion closely misses you. You furiously retaliate!
You headbutt the scorpion.
You feel sick.
You feel sick.
You feel sick.
You are no longer poisoned.
The scorpion stings you.
Items here: ( ) ††.
The scorpion stings you.
* * * LOW HITPOINT WARNING * * *
You are lethally poisoned!
The scorpion poisons you!
* * * LOW HITPOINT WARNING * * *
You feel very sick.
* * * LOW HITPOINT WARNING * * *
You feel sick.
You die...

#....# #....# #....#
#....# ################
#....# ...............#
#....# ##############.#
#....#
##############.###....#
............r.s.@....>#
#######.######.########
#.# #.# #.# #.# ### #.#
#.# ..#####.## #.#
.........# #.####
.........# #.#..
.........#
##(#.############


You could see a scorpion and a quokka.

Vanquished Creatures
  An adder (D:2)
  2 dart slugs
  3 ball pythons
  5 endoplasms
  3 giant cockroaches
  2 goblins (D:1)
  5 hobgoblins
  2 kobolds
  4 quokkas
  2 bats (D:1)
  3 frilled lizards
  3 rats (D:1)
35 creatures vanquished.

Notes
Turn   | Place    | Note
-------+----------+-------------------------------------------
     0 | D:1      | cbfl8 the Minotaur Fighter began the quest for the Orb.
     0 | D:1      | Reached XP level 1. HP: 19/19 MP: 0/0
   131 | D:1      | Found Yhorow's Antique Armour Shoppe.
   135 | D:1      | Reached XP level 2. HP: 27/27 MP: 1/1
   383 | D:1      | Found a faded altar of an unknown god.
   561 | D:1      | Reached skill level 1 in Evocations
   616 | D:2      | Noticed a scorpion
   620 | D:2      | Reached XP level 3. HP: 33/33 MP: 2/2
   861 | D:2      | HP: 1/33 [poisoned by a scorpion]
   862 | D:2      | Succumbed to a scorpion's poison

Illustrated notes

Levels and vault maps discovered:
D:1:      minmay_arrival_four_houses, layout_basic,
          dreamdust_ecumenical_altar_grove, serial_shops, shop,
          serial_park_tiny_2
D:2:      layout_basic

Skill      XL: |  1  2 |
---------------+-------+-----
Armour         | 4 |  4.1
Fighting       | 4 |  4.1
Shields        | 4 |  4.1
Evocations     | 1 |  1.2
Axes           | |  2.8

Action                   || total
-------------------------++-------
Melee: War axe           ||    50
       Headbutt          ||    10
Armor: Scale mail        ||    16
Dodge: Dodged            ||    28
Block: Buckler           ||     8
